 Dungeon Crawl Stone Soup version 0.27.1-33-g824d729ab1 (webtiles) character file.

Game seed: 5715361740777692911

7 Garessta the Sneak (level 1, -1/9 HPs)
             Began as a Spriggan Enchanter on Dec 13, 2021.
             Slain by a jackal (3 damage)
             ... on level 1 of the Dungeon.
             The game lasted 00:02:07 (950 turns).

Garessta the Sneak (Spriggan Enchanter)              Turns: 950, Time: 00:02:08

Health: -1/9       AC:  2    Str:  4    XL:     1   Next: 91%
Magic:  5/5        EV: 17    Int: 16    God:
Gold:   34         SH:  0    Dex: 15    Spells: 4/5 levels left

rFire    . . .     SeeInvis +   a - +1 dagger
rCold    . . .     Faith    .   (shield restricted)
rNeg     . . .     Spirit   .   b - +0 robe
rPois    .         Reflect  .   (helmet restricted)
rElec    .         Harm     .   (no cloak)
rCorr    +         Rampage  .   (gloves unavailable)
Will     .....                  (boots unavailable)
Stlth    +++.......             (no amulet)
HPRegen  0.03/turn              c - ring of resist corrosion
MPRegen  0.09/turn              (no ring)

@: very quick
A: very small, no large weapons, unfitting armour, see invisible, speed 3
a: no special abilities


You were on level 1 of the Dungeon.
You visited 1 branch of the dungeon, and saw 2 of its levels.

You collected 34 gold pieces.

Inventory:

Hand Weapons
 a - a +1 dagger (weapon)
Armour
 b - a +0 robe (worn)
Jewellery
 c - a ring of resist corrosion (left hand)
Wands
 d - a wand of digging (6)


   Skills:
 - Level 1.1 Short Blades
 - Level 2.6 Dodging
 * Level 4.8 Stealth
 + Level 2.8 Spellcasting
 * Level 3.9 Hexes


You had 4 spell levels left.
You knew the following spells:

 Your Spells              Type           Power      Damage    Failure   Level
a - Corona                Hex            15%        N/A       3%          1

Your spell library contained the following spells:

 Spells                   Type           Power      Damage    Failure   Level
 Confusing Touch          Hex            14%        N/A       12%         3
 Tukima's Dance           Hex            14%        N/A       12%         3
 Ensorcelled Hibernation  Hex/Ice        16%        N/A       13%         2
 Dazzling Flash           Conj/Hex       16%        N/A       26%         3


Dungeon Overview and Level Annotations

Branches:
Dungeon (2/15)

Altars:


Innate Abilities, Weirdness & Mutations

You are very small and have problems with some larger weapons.
You are too small for most types of armour.
You have supernaturally acute eyesight. (SInv)
You cover ground extremely quickly. (Speed+++)


Message History

HP restored.
Things that are here:
a +0 short sword; 5 stones; a kobold corpse
Found 13 gold pieces.
You fall into a shaft and drop 1 floor!
The shaft crumbles and collapses. 2 adders, a worm and a goblin come into view.
Found a mace and a short sword.
Found a forked glass wand.
A giant cockroach comes into view.
A kobold comes into view. It is wielding a +0 club.
A kobold comes into view. It is wielding a +0 dagger of freezing.
You see here a wand of digging (6).
d - a wand of digging (6)
Found a stone staircase leading up.
There is a stone staircase leading up here.
You climb upwards.
Found a spear.
There is a stone staircase leading down here.
The jackal barks! x2
The jackal bites you.
You hit the jackal but do no damage. The jackal barely misses you.
A quokka comes into view.
The jackal barely misses you.
You see here a +0 spear.
Things that are here:
a +0 club; a goblin skeleton
There is a stone staircase leading down here.
You start resting.
A jackal is nearby!
The jackal barks!
You climb downwards.
There is a stone staircase leading up here.
You start resting.
A worm is nearby!
You climb upwards.
The jackal bites you. x2
* * * LOW HITPOINT WARNING * * *
There is a stone staircase leading down here.
You hit the jackal but do no damage. The jackal bites you.
You die...

#######.....# #...# .# $
####.#######...#####.#
....#####....................##
..........#....................
....####.....#..............##g
. #.....#h####......####
##..###.# #....#.# #.(###.#
#....#.# #....h@# #...h#.###
##.##### #..#.h...# #########
#.# #......#h# #.......####.#
#...####.# ..##..÷..÷...#
#.###. #h# #.##.##.###### #.#
#.##h### #....##.# .. #......#
#.#####.# #....#.# #.#####.#
###.#####)##


You could see 2 jackals.

Vanquished Creatures
  An endoplasm (D:1)
  A goblin (D:1)
  2 quokkas (D:1)
  A bat (D:1)
  A frilled lizard (D:1)
  A kobold (D:1)
7 creatures vanquished.

Notes
Turn   | Place    | Note
-------+----------+-------------------------------------------
     0 | D:1      | Garessta the Spriggan Enchanter began the quest for the
                  | Orb.
     0 | D:1      | Reached XP level 1. HP: 9/9 MP: 5/5
   851 | D:1      | You fall into a shaft and drop 1 floor!
   950 | D:1      | Slain by a jackal

Illustrated notes

Levels and vault maps discovered:
D:1:      dpeg_arrival_stone_temple_mockup, layout_loops_cross
D:2:      minmay_door_path, layout_basic

Action                   || total
-------------------------++-------
Melee: Dagger            ||    31
 Stab: Sleeping          ||     5
Armor: Robe              ||     3
Dodge: Dodged            ||    18
